 Dungeon Crawl Stone Soup version 0.20-a0-1089-g3fde505 (webtiles) character file.

305 JeffiDaFish the Conjurer (level 6, -4/47 HPs)
             Began as a Draconian Conjurer on May 3, 2017.
             Killed by nerve-wracking pain
             ... invoked by a shadow imp
             ... summoned by Eustachio
              (7 damage)
             ... on level 4 of the Dungeon.
             The game lasted 00:14:06 (3297 turns).

JeffiDaFish the Conjurer (Draconian Conjurer)       Turns: 3297, Time: 00:14:07

Health: -4/47      AC:  7    Str: 10    XL:     6   Next: 16%
Magic:  0/10       EV: 16    Int: 16    God:
Gold:   157        SH:  0    Dex: 13    Spells: 2/10 levels left

rFire    + . .     SeeInvis .   q - +0 halberd
rCold    . . .     Gourm    .   (shield currently unavailable)
rNeg     . . .     Faith    .   (armour unavailable)
rPois    .         Spirit   .   (helmet restricted)
rElec    .         Reflect  .   (no cloak)
rCorr    .         Harm     .   d - +0 pair of gloves
MR       .....                  (no boots)
Stlth    ++........             (no amulet)
Regen    0.2/turn               j - ring of protection from fire
MPRegen  0.2/turn               g - +3 ring of evasion

@: very slightly contaminated
A: unfitting armour, cold-blooded, AC +6
a: no special abilities


You were on level 4 of the Dungeon.
You were not hungry.

You visited 1 branch of the dungeon, and saw 4 of its levels.

You collected 157 gold pieces.

Inventory:

Hand Weapons
 q - a +0 halberd (weapon)
Armour
 d - a +0 pair of gloves (worn)
Jewellery
 g - a +3 ring of evasion (right hand)
 j - a ring of protection from fire (left hand)
Scrolls
 f - 2 scrolls of remove curse
 i - 2 scrolls of identify
 k - 2 scrolls of amnesia
 o - a scroll of magic mapping
Potions
 e - a potion of haste
 m - a potion of cancellation
Books
 a - a book of Conjurations

   Spells                             Type                      Level
   a - Magic Dart                     Conjuration                  1
   b - Searing Ray                    Conjuration                  2
   c - Dazzling Spray                 Conjuration/Hexes            3
   d - Fulminant Prism                Conjuration/Hexes            4
   e - Force Lance                    Conjuration/Translocation    4
   f - Iskenderun's Mystic Blast      Conjuration                  4
Comestibles
 b - 2 bread rations
 c - a chunk of flesh
 h - 4 fruits
 l - a meat ration
 p - a royal jelly


   Skills:
 + Level 1.5 Fighting
   Level 1.8 Short Blades
 + Level 2.4 Dodging
 + Level 2.6 Stealth
 * Level 2.9 Spellcasting
 * Level 4.9 Conjurations
 * Level 2.4 Hexes


You had 2 spell levels left.
You knew the following spells:

 Your Spells              Type           Power        Failure   Level  Hunger
a - Magic Dart            Conj           ###.         2%          1    #......
b - Dazzling Spray        Conj/Hex       ##....       12%         3    ###....
c - Fulminant Prism       Conj/Hex       ##........   38%         4    #####..


Dungeon Overview and Level Annotations

Branches:
Dungeon (4/15)             Temple (0/1) D:4

Altars:
Makhleb
Okawaru
Xom
Yredelemnul
Zin

Annotations:
D:4 Eustachio


Innate Abilities, Weirdness & Mutations

Your plain brown scales are hard. (AC +6)
You cannot fit into any form of body armour.
You are cold-blooded and may be slowed by cold attacks.


Message History

Eustachio is heavily wounded.
The bat barely misses you. The ufetubus completely misses you.
The ufetubus hits you but does no damage.
Eustachio growls, "To hell with you, honourless miscreant!"
Eustachio gestures wildly while chanting.
Eustachio blinks!
The river rat bites you but does no damage.
The quokka twitches its whiskers.
The quokka bites you but does no damage.
The ufetubus completely misses you. The ufetubus closely misses you.
Eustachio drinks a potion.
Eustachio is healed!
The river rat bites you.
* * * LOW HITPOINT WARNING * * *
Okay, then.
Okay, then.
The shadow imp disappears in a puff of smoke!
The bat hits you but does no damage. x2
The shadow imp summons a swarm of flies.
The shadow imp gestures at you. Pain shoots through your body!
You die...

### ... ##.## #####
##...## #...# #.....#
#.⌠.# ##
#.....###...#####
.#####......r5........
#...###...#5r@.>..⌠...
#...# ##.##.5b§.....##
#...####.#####...####
#...##.....# #.⌠.#
####...##.#.### #...#
............# .#@#.#
...)........# # ....
...†........# ####.
####...##.###


You could see Eustachio, an iron imp, a river rat, a shadow imp, an ufetubus, a
quokka and a bat.

Vanquished Creatures
  Blork the orc (D:4)
  2 orc wizards
  4 gnolls
  6 adders
  An ooze (D:3)
  7 dart slugs
  4 leopard geckos
  5 orcs
  3 giant cockroaches
  7 goblins
  10 hobgoblins
  2 jackals (D:1)
  A quokka (D:3)
  2 ball pythons
  2 bats (D:1)
  3 frilled lizards (D:1)
  5 kobolds (D:2)
  A quokka skeleton (D:4)
  8 rats
74 creatures vanquished.

Vanquished Creatures (others)
  3 fulminant prisms (D:4)
  4 toadstools (D:1)
7 creatures vanquished.

Grand Total: 81 creatures vanquished

Notes
Turn   | Place    | Note
-------+----------+-------------------------------------------
     0 | D:1      | JeffiDaFish the Draconian Conjurer began the quest for the Orb.
     0 | D:1      | Reached XP level 1. HP: 14/14 MP: 3/3
   226 | D:1      | Reached XP level 2. HP: 11/20 MP: 3/5
   889 | D:1      | Reached XP level 3. HP: 21/26 MP: 6/6
   897 | D:1      | Learned a level 3 spell: Dazzling Spray
  1185 | D:2      | Found a basalt altar of Yredelemnul.
  1305 | D:2      | Reached skill level 1 in Hexes
  1363 | D:2      | Reached skill level 1 in Short Blades
  1363 | D:2      | Reached XP level 4. HP: 26/33 MP: 2/7
  1565 | D:2      | Found a burning altar of Makhleb.
  1965 | D:2      | Learned a level 4 spell: Fulminant Prism
  2048 | D:3      | Reached XP level 5. HP: 16/39 MP: 4/8
  2293 | D:3      | Found an iron altar of Okawaru.
  2350 | D:3      | Found a glowing silver altar of Zin.
  2351 | D:3      | Noticed an angel
  2789 | D:3      | Reached skill level 1 in Fighting
  3101 | D:4      | Found a shimmering altar of Xom.
  3137 | D:4      | Noticed Blork the orc
  3153 | D:4      | Killed Blork the orc
  3153 | D:4      | Reached XP level 6. HP: 15/47 MP: 1/10
  3275 | D:4      | Found a staircase to the Ecumenical Temple.
  3278 | D:4      | Noticed Eustachio
  3297 | D:4      | Killed from afar by a shadow imp

Vault maps used:
D:1:      ldierk_water_garden
D:2:      lemuel_crystal_altar, yredelemnul_altar_generic, minmay_bisected
D:3:      zin_angel, okawaru_metal_pillars_1_2, first_bread, grunt_ministairs_9
D:4:      minmay_wonky_spiral, gammafunk_temple_overflow_pools,
          xom_teletrap_fun, minmay_temple_entry_junction, grunt_qazlal_clouds,
          uniq_edmund, uniq_eustachio, uniq_blork_the_orc

Skill      XL: |  1  2  3  4  5 |
---------------+----------------+-----
Stealth        | 2 |  2.6
Dodging        | 2 |  2.4
Hexes          | 1 2 |  2.4
Short Blades   | 1 |  1.8
Fighting       | 1 |  1.5
Spellcasting   | |  2.9
Conjurations   | |  4.9

Action                   |  1- 3 |  4- 6 || total
-------------------------+-------+-------++-------
Melee: Short sword       |   101 |    81 ||   182
       Tailslap          |     7 |     9 ||    16
       Halberd           |       |    24 ||    24
 Cast: Magic Dart        |    33 |    49 ||    82
       Dazzling Spray    |     2 |     3 ||     5
       Fulminant Prism   |       |     3 ||     3
  Use: Scroll            |     7 |     4 ||    11
       Potion            |     2 |     4 ||     6
 Stab: Sleeping          |     2 |     2 ||     4
       Invisible         |       |     1 ||     1
  Eat: Chunk             |     2 |     8 ||    10
Armor: Skin              |    38 |    41 ||    79
Dodge: Dodged            |    72 |    92 ||   164
